Map: Curious Minds LE

Players

Pumba - Winner!

  • Race: Protoss Protoss
  • League: Diamond
  • Spawn Location: 11:00

IUIU

  • Race: Terran Terran
  • League: Diamond
  • Spawn Location: 5:00

VOD

Have the link to the VOD?

Description

Time

  • Played on: March 15, 2022, 6:17 p.m.
  • Length: 11:54
Show
View Real Time Build Order
Export as new Build Order

Pumba Protoss - Winner!

Build Orders: 1 Gate Expand, Blink Stalkers 

Get SALT Encoding   

  12  0:01  Probe  
  13  0:13  Probe  
  14  0:17  Pylon  
  14  0:25  Probe (Chrono Boost)  
  15  0:37  Probe (Chrono Boost)  
  15  0:40  Gateway  
  16  0:45  Probe (Chrono Boost)  
  16  0:47  Assimilator  
  17  0:51  Probe  
  18  1:03  Probe  
  19  1:15  Probe  
  20  1:23  Nexus  
  20  1:33  Cybernetics Core  
  20  1:38  Probe  
  21  1:41  Assimilator  
  21  1:49  Pylon  
  21  1:53  Probe  
  22  2:05  Probe  
  23  2:08  Adept (Chrono Boost)  
  23  2:12  Warp Gate  
  25  2:17  Probe  
  26  2:25  Twilight Council  
  26  2:29  Probe  
  27  2:35  Probe  
  27  2:42  Stalker (Chrono Boost)  
  27  2:48  Probe (Chrono Boost)  
  27  2:49  Probe (Chrono Boost)  
  32  3:00  Probe (Chrono Boost)  
  32  3:01  Probe (Chrono Boost), Blink  
  33  3:09  Probe  
  33  3:12  Probe (Chrono Boost)  
  35  3:19  Robotics Facility  
  35  3:24  Probe (Chrono Boost)  
  35  3:26  Probe (Chrono Boost)  
  37  3:28  Pylon  
  38  3:35  Probe (Chrono Boost)  
  38  3:40  Probe (Chrono Boost)  
  39  3:45  Assimilator  
  39  3:46  Assimilator  
  40  3:51  Probe x2 (Chrono Boost), Gateway  
  40  3:53  Gateway  
  41  3:58  Probe x2 (Chrono Boost)  
  43  4:07  Stalker  
  43  4:08  Observer  
  43  4:09  Probe  
  47  4:10  Probe  
  48  4:17  Robotics Bay  
  48  4:21  Probe  
  48  4:22  Probe  
  48  4:23  Pylon  
  50  4:32  Stalker, Pylon  
  50  4:33  Probe  
  53  4:40  Observer  
  53  4:42  Probe  
  55  4:45  Probe  
  55  4:50  Stalker x2  
  60  4:54  Probe  
  60  4:56  Pylon  
  60  4:58  Nexus  
  61  5:01  Disruptor (Chrono Boost)  
  64  5:09  Stalker  
  66  5:17  Probe  
  67  5:31  Shield Battery  
  67  5:32  Probe  
  67  5:33  Stalker  
  67  5:34  Stalker x2  
  74  5:36  Shield Battery  
  73  5:44  Forge  
  73  5:46  Forge  
  73  5:54  Probe (Chrono Boost)  
  73  5:55  Probe (Chrono Boost)  
  75  6:02  Stalker  
  78  6:04  Probe (Chrono Boost)  
  78  6:09  Probe (Chrono Boost), Pylon  
  78  6:10  Shield Battery  
  79  6:11  Stalker  
  79  6:12  Stalker, Pylon  
  83  6:22  Probe (Chrono Boost), Pylon  
  86  6:27  Protoss Ground Weapons Level 1 (Chrono Boost), Probe x2 (Chrono Boost), Protoss Ground Armor Level 1 (Chrono Boost)  
  86  6:29  Stalker  
  88  6:34  Observer  
  88  6:35  Probe x2 (Chrono Boost)  
  88  6:36  Probe (Chrono Boost)  
  88  6:37  Pylon  
  91  6:41  Stalker x2  
  91  6:45  Probe  
  91  6:46  Probe  
  97  6:48  Probe  
  96  6:57  Probe  
  97  7:01  Nexus  
  97  7:07  Pylon  
  97  7:15  Nexus  
  93  7:21  Probe  
  93  7:22  Probe x2  
  96  7:28  Charge  
  96  7:33  Gateway  
  96  7:34  Probe  
  96  7:35  Gateway  
  97  7:38  Gateway x2  
  97  7:43  Gateway  
  97  7:45  Gateway  
  97  7:46  Probe  
  97  7:49  Gateway  
  97  7:50  Photon Cannon  
  98  7:55  Probe x2  
  98  7:58  Probe  
  101  8:02  Templar Archives  
  101  8:11  Pylon  
  101  8:14  Pylon  
  101  8:18  Probe x4  
  101  8:19  Gateway  
  105  8:20  Gateway  
  105  8:22  Shield Battery, Gateway  
  105  8:23  Photon Cannon  
  105  8:25  Gateway  
  105  8:32  Gateway  
  101  8:34  Gateway  
  91  8:43  Stalker  
  91  8:44  Stalker x8  
  91  8:45  Probe  
  91  8:46  Probe x3  
  112  8:49  Pylon  
  112  8:54  Protoss Ground Armor Level 2 (Chrono Boost), Protoss Ground Weapons Level 2 (Chrono Boost)  
  112  8:58  Pylon  
  112  9:01  Stalker  
  114  9:07  Gateway  
  114  9:09  Gateway, Probe  
  116  9:10  Probe, Gateway  
  116  9:14  Probe x3  
  119  9:20  Stalker x3  
  119  9:22  Probe  
  127  9:24  Observer (Chrono Boost)  
  127  9:37  Observer (Chrono Boost)  
  127  9:39  Zealot x2  
  127  9:40  Zealot x9  
  150  9:48  Pylon  
  150  9:50  Observer  
  150  9:56  Zealot x4  
  150  9:57  Observer  
  159  10:06  Zealot x4  
  159  10:07  Zealot x5  
  177  10:17  Zealot x9  
  177  10:18  Observer  
  196  10:28  Zealot x2  
  200  10:46  Pylon  
  120  11:20  Stalker  
  120  11:21  Stalker x13  
  134  11:27  Stalker x4  
Show
View Real Time Build Order
Export as new Build Order

IUIU Terran 

Build Orders: Reaper Expand 

Get SALT Encoding   

  12  0:00  SCV  
  13  0:12  SCV  
  14  0:20  Supply Depot  
  14  0:24  SCV  
  15  0:42  SCV  
  16  0:44  Barracks  
  16  0:46  Refinery  
  16  0:54  SCV  
  17  1:06  SCV  
  18  1:25  Command Center  
  18  1:34  Reaper  
  18  1:39  Orbital Command  
  19  1:50  Refinery  
  19  2:06  SCV  
  20  2:18  SCV  
  20  2:19  Factory  
  21  2:23  Supply Depot  
  21  2:30  SCV  
  22  2:43  SCV  
  24  2:44  Orbital Command  
  22  2:46  Marine  
  22  2:48  Bunker  
  23  2:55  SCV  
  24  3:01  Refinery  
  24  3:02  Factory Tech Lab  
  24  3:05  Refinery  
  24  3:07  SCV  
  24  3:10  Starport  
  24  3:12  SCV  
  26  3:19  SCV, Marine  
  28  3:24  Cyclone  
  31  3:27  SCV  
  31  3:31  SCV  
  33  3:39  SCV, Starport  
  34  3:43  Marine  
  34  3:44  SCV  
  36  3:51  SCV  
  36  3:52  Fusion Core  
  37  3:56  SCV  
  38  4:03  SCV  
  38  4:05  Marine  
  38  4:08  SCV  
  41  4:10  Siege Tank  
  41  4:15  SCV  
  41  4:16  Starport Tech Lab  
  41  4:17  Starport Tech Lab  
  45  4:20  SCV  
  46  4:41  Supply Depot  
  46  4:43  Supply Depot  
  46  4:49  Supply Depot  
  46  5:02  Engineering Bay, SCV x2  
  48  5:08  Battlecruiser x2  
  60  5:16  SCV, Marine  
  60  5:17  Bunker  
  62  5:23  SCV  
  62  5:26  Weapon Refit  
  63  5:31  SCV  
  64  5:43  SCV  
  64  5:46  Armory  
  64  5:47  Armory  
  65  5:51  Command Center  
  65  5:52  SCV  
  65  5:54  Marine  
  67  6:00  SCV  
  68  6:05  Supply Depot  
  68  6:09  Missile Turret  
  68  6:10  SCV  
  69  6:11  Missile Turret  
  69  6:15  Missile Turret  
  69  6:18  Missile Turret  
  69  6:20  SCV  
  70  6:27  SCV  
  71  6:34  Terran Vehicle And Ship Armor Level 1, Terran Ship Weapons Level 1  
  71  6:36  Siege Tank  
  71  6:38  SCV  
  75  6:40  Missile Turret  
  75  6:43  SCV  
  76  6:50  SCV  
  71  7:00  Marine  
  72  7:09  Siege Tank  
  74  7:20  Battlecruiser  
  74  7:21  Battlecruiser  
  86  7:28  Missile Turret  
  86  7:35  SCV  
  86  7:36  SCV, Missile Turret  
  88  7:50  Missile Turret  
  87  7:57  Siege Tank  
  90  8:04  Supply Depot  
  90  8:05  Supply Depot  
  90  8:12  Marine  
  91  8:22  SCV x2  
  91  8:24  Battlecruiser  
  97  8:49  Battlecruiser  
  97  8:50  Siege Tank  
  97  8:54  Planetary Fortress  
  106  8:57  Missile Turret  
  106  8:58  Refinery, Missile Turret  
  106  9:00  SCV x2  
  108  9:14  Marine  
  109  9:17  SCV x2  
  109  9:22  Starport  
  109  9:23  Terran Ship Weapons Level 2  
  111  9:29  SCV x2  
  113  9:31  Marine  
  114  9:39  SCV, Refinery  
  115  9:47  Command Center  
  115  9:49  Command Center, Marine  
  116  9:59  SCV  
  117  10:07  Supply Depot x2  
  117  10:08  Supply Depot  
  117  10:09  Supply Depot, Marine  
  117  10:10  SCV, Battlecruiser  
  125  10:19  Barracks  
  125  10:27  Supply Depot x2  
  125  10:28  SCV, Raven, Starport Reactor, Siege Tank  
  131  10:43  Barracks Tech Lab  
  131  10:47  SCV x3, Missile Turret  
  131  10:49  Missile Turret  
  118  10:59  SCV x2  
  68  11:30  SCV  
  68  11:31  SCV  
Tags
 
Add a new tag
Caveats
  • Supply blocks, unpowered buildings, or Contaminate may cause inaccurate times.
  • Supply counts are checked every 10 seconds.